 Dungeon Crawl Stone Soup version 0.28-a0-233-gb8ca4b6547 (webtiles) character file.

Game seed: 16234317732516763019

345 Smaepdii the Shield-Bearer (level 6, -17/53 HPs)
             Began as a Gnoll Fighter on Aug 22, 2021.
             Splashed by an acid dragon's acid (18 damage)
             ... on level 4 of the Dungeon.
             The game lasted 00:14:24 (3907 turns).

Smaepdii the Shield-Bearer (Gnoll Fighter)          Turns: 3907, Time: 00:14:25

Health: -17/53     AC:  2    Str: 16    XL:     6   Next: 58%
Magic:  18/18      EV:  7    Int:  8    God:
Gold:   178        SH:  0    Dex: 12    Spells: 9/9 levels left

rFire   . . .      SeeInvis +   t - +2 falchion (vorpal)
rCold   . . .      Faith    +   (no shield)
rNeg    . . .      Spirit   .   r - +0 chain mail
rPois   .          Reflect  .   (no helmet)
rElec   .          Harm     .   (no cloak)
rCorr   .          Rampage  .   (no gloves)
Will    .....                   (no boots)
Stlth   ..........              m - amulet of faith
HPRegen 0.17/turn               g - ring of see invisible
MPRegen 0.16/turn               s - ring of magical power

@: corroded
A: fangs 1, strong nose, distributed training
a: no special abilities


You were on level 4 of the Dungeon.
You visited 1 branch of the dungeon, and saw 4 of its levels.

You collected 178 gold pieces.

Inventory:

Hand Weapons
 a - a +0 war axe
 t - a +2 vorpal falchion (weapon)
Missiles
 n - 20 poisoned darts (quivered)
Armour
 c - a +0 kite shield
 r - a +0 chain mail (worn)
Magical Staves
 u - a staff of air
Jewellery
 g - a ring of see invisible (left hand)
 m - an amulet of faith (around neck)
 s - a ring of magical power (right hand)
Scrolls
 d - a scroll of torment {unknown}
 e - a scroll of holy word {unknown}
 i - a scroll of enchant weapon {unknown}
 l - a scroll of enchant armour {unknown}
 p - a scroll of amnesia {unknown}
 q - 2 scrolls of identify {unknown}
Potions
 b - a potion of curing {unknown}
 f - a potion of resistance {unknown}
 h - 2 potions of flight {unknown}
 j - 2 potions of haste {unknown}
 k - 2 potions of mutation {unknown}
 o - 2 potions of berserk rage {unknown}


   Skills:
 + Level 6.8 Fighting
 + Level 2.0 Short Blades
 + Level 2.0 Long Blades
 + Level 5.0 Axes
 + Level 2.0 Maces & Flails
 + Level 2.0 Polearms
 + Level 2.0 Staves
 + Level 2.0 Slings
 + Level 2.0 Bows
 + Level 2.0 Crossbows
 + Level 2.0 Throwing
 + Level 6.8 Armour
 + Level 2.0 Dodging
 + Level 2.0 Stealth
 + Level 6.8 Shields
 + Level 2.0 Unarmed Combat
 + Level 2.0 Spellcasting
 + Level 1.6 Conjurations
 + Level 1.6 Hexes
 + Level 1.6 Summonings
 + Level 1.6 Necromancy
 + Level 1.6 Translocations
 + Level 1.6 Transmutations
 + Level 1.6 Fire Magic
 + Level 1.6 Ice Magic
 + Level 1.6 Air Magic
 + Level 1.6 Earth Magic
 + Level 1.6 Poison Magic
 + Level 2.2 Invocations
 + Level 2.0 Evocations


You had 9 spell levels left.
You didn't know any spells.
Your spell library was empty.

Dungeon Overview and Level Annotations

Branches:
Dungeon (4/15)
 Temple: D:4-7

Altars:
Ashenzari


Innate Abilities, Weirdness & Mutations

You have very sharp teeth.
Your uncanny sense of smell can sniff out nearby items.
Your experience applies equally to all skills.


Message History

You hit the gnoll. You punch the gnoll.
The gnoll is almost dead.
The gnoll barely misses you.
You completely miss the gnoll.
The gnoll is almost dead.
The gnoll closely misses you.
You hit the gnoll but do no damage.
The gnoll is almost dead.
The gnoll barely misses you.
Your chain mail prevents you from hitting the gnoll.
The gnoll is almost dead.
The gnoll hits you with a +0 flail.
There is an open door here.
You slash the gnoll!
You kill the gnoll!
You hit the gnoll. Your bite misses the gnoll.
The gnoll is moderately wounded.
The gnoll barely misses you.
You barely miss the gnoll.
The gnoll is moderately wounded.
The gnoll closely misses you.
You hit the gnoll.
You kill the gnoll!
Throw: 21 darts (poison)
Press: ? - help, Q - select action Shift-Dir - straight line, f - acid dragon
Aim: an acid dragon (62% to hit)
You throw a poisoned dart. The poisoned dart hits the acid dragon.
The acid dragon spits acid at you. The splash of acid hits you.
The acid corrodes you!
You are splashed with acid!
A hobgoblin comes into view.
The hobgoblin shouts!
The acid dragon spits acid at you. The splash of acid hits you.
The acid corrodes you!
You are splashed with acid!
* * * LOW HITPOINT WARNING * * *
A howler monkey comes into view.
The acid dragon spits acid at you. The splash of acid hits you!
* * * LOW HITPOINT WARNING * * *
You are splashed with acid!!
You die...

#.#### #...(..########### #.#
#................# #.#
#......#.#######.# #..# #.#
#...D..#.# #.# #..# #.#
#......#.# #.# #..# #.#
#......g.# ####.## #..# #.#
#####....# #.....# ##..## #..
. #....####.....###.....
....####†...@...†..........##
.......†....###......#<.....#
....#####............####.#.#
. #............# #.#..
#......####.## ###.# #......#
#.# #.# ########......# #.#
#.# ..............# #.# #.#
########......# #.#


You could see an acid dragon (catching breath) and a hobgoblin.

Vanquished Creatures
  2 orc priests
  A hound (D:3)
  An iguana (D:3)
  An orc wizard (D:2)
  5 gnolls
  6 adders
  2 worms
  5 dart slugs
  6 orcs
  6 ball pythons
  3 bats
  8 endoplasms
  4 giant cockroaches
  8 goblins
  4 hobgoblins
  10 jackals
  2 quokkas
  2 frilled lizards
  6 kobolds
  2 rats (D:2)
84 creatures vanquished.

Vanquished Creatures (others)
  A fungus (D:3)
  A plant (D:3)
2 creatures vanquished.

Grand Total: 86 creatures vanquished

Notes
Turn   | Place    | Note
-------+----------+-------------------------------------------
     0 | D:1      | Smaepdii the Gnoll Fighter began the quest for the Orb.
     0 | D:1      | Reached XP level 1. HP: 23/23 MP: 1/1
    81 | D:1      | Reached XP level 2. HP: 28/29 MP: 2/2
   405 | D:1      | Reached XP level 3. HP: 32/35 MP: 3/3
   795 | D:1      | Found a faded altar of an unknown god.
   972 | D:2      | Reached skill level 1 in Invocations
   984 | D:2      | Reached skill level 1 in Short Blades
   984 | D:2      | Reached skill level 1 in Long Blades
   984 | D:2      | Reached skill level 1 in Maces & Flails
   984 | D:2      | Reached skill level 1 in Polearms
   984 | D:2      | Reached skill level 1 in Staves
   984 | D:2      | Reached skill level 1 in Slings
   984 | D:2      | Reached skill level 1 in Bows
   984 | D:2      | Reached skill level 1 in Crossbows
   984 | D:2      | Reached skill level 1 in Throwing
   984 | D:2      | Reached skill level 1 in Dodging
   984 | D:2      | Reached skill level 1 in Stealth
   984 | D:2      | Reached skill level 1 in Unarmed Combat
   984 | D:2      | Reached skill level 1 in Spellcasting
   984 | D:2      | Reached skill level 1 in Evocations
  1091 | D:2      | Reached XP level 4. HP: 41/41 MP: 5/5
  1514 | D:2      | Reached skill level 1 in Conjurations
  1514 | D:2      | Reached skill level 1 in Hexes
  1514 | D:2      | Reached skill level 1 in Summonings
  1514 | D:2      | Reached skill level 1 in Necromancy
  1514 | D:2      | Reached skill level 1 in Translocations
  1514 | D:2      | Reached skill level 1 in Transmutations
  1514 | D:2      | Reached skill level 1 in Fire Magic
  1514 | D:2      | Reached skill level 1 in Ice Magic
  1514 | D:2      | Reached skill level 1 in Air Magic
  1514 | D:2      | Reached skill level 1 in Earth Magic
  1514 | D:2      | Reached skill level 1 in Poison Magic
  1515 | D:2      | Reached XP level 5. HP: 12/47 MP: 5/7
  1517 | D:2      | HP: 1/47 [worm (5)]
  2278 | D:3      | Found a broken altar of Ashenzari.
  2282 | D:3      | Saw a vision of the Swamp and the Spider Nest.
  2282 | D:3      | Noticed a swamp drake
  2283 | D:3      | Noticed a redback
  2283 | D:3      | Noticed a wolf spider
  2283 | D:3      | Noticed a wolf spider
  2383 | D:3      | Reached XP level 6. HP: 27/53 MP: 8/8
  3423 | D:3      | Reached skill level 5 in Axes
  3854 | D:4      | Noticed an acid dragon
  3907 | D:4      | HP: 1/53 [acid dragon/splash of acid (13)]
  3907 | D:4      | Splashed by an acid dragon's acid

Illustrated notes

Levels and vault maps discovered:
D:1:      heliophobic_arrival_enchanted_forest, layout_loops_ring,
          dilly_ecumenical_altar_fadedgnrine, due_unseen_surprise
D:2:      layout_loops_cross, minmay_tetromino_s2
D:3:      layout_loops_cross, grunt_ashenzari_visionary
          [grunt_ashenzari_visionary_swamp, grunt_ashenzari_visionary_spider],
          chequers_serial_rivers_large_a, kennysheep_generic_room_10
D:4:      cheibrodos_quashed, layout_basic, temple_hall,
          minmay_misc_feat_pillars, minmay_quadrilaterals

Skill      XL: |  1  2  3  4  5  6 |
---------------+-------------------+-----
Invocations    | 1 2 |  2.2
Short Blades   | 1 2 |  2.0
Long Blades    | 1 2 |  2.0
Maces & Flails | 1 2 |  2.0
Polearms       | 1 2 |  2.0
Staves         | 1 2 |  2.0
Slings         | 1 2 |  2.0
Bows           | 1 2 |  2.0
Crossbows      | 1 2 |  2.0
Throwing       | 1 2 |  2.0
Dodging        | 1 2 |  2.0
Stealth        | 1 2 |  2.0
Unarmed Combat | 1 2 |  2.0
Spellcasting   | 1 2 |  2.0
Evocations     | 1 2 |  2.0
Conjurations   | 1 |  1.6
Hexes          | 1 |  1.6
Summonings     | 1 |  1.6
Necromancy     | 1 |  1.6
Translocations | 1 |  1.6
Transmutations | 1 |  1.6
Fire Magic     | 1 |  1.6
Ice Magic      | 1 |  1.6
Air Magic      | 1 |  1.6
Earth Magic    | 1 |  1.6
Poison Magic   | 1 |  1.6
Axes           | 5 |  5.0
Fighting       | |  6.8
Armour         | |  6.8
Shields        | |  6.8

Action                   |  1- 3 |  4- 6 || total
-------------------------+-------+-------++-------
Melee: War axe           |    85 |   127 ||   212
       Bite              |     9 |    10 ||    19
       Falchion          |       |    22 ||    22
       Punch             |       |     2 ||     2
Throw: Dart              |       |    18 ||    18
  Use: Potion            |       |     1 ||     1
Armor: Scale mail        |    41 |    43 ||    84
       Chain mail        |       |    62 ||    62
Dodge: Dodged            |    32 |    72 ||   104
Block: Kite shield       |    16 |       ||    16
       Rpst.: Falchion   |       |     1 ||     1

Table legend: (Time is in decaauts)
 A = Elapsed time spent in this place.
 B = Non-inter-level travel time spent in this place.
 C = Inter-level travel time spent in this place.
 D = Time resting spent in this place.
 E = Time spent auto-exploring this place.
 F = Levels seen in this place.
 G = Mean time per level.
                   A        B        C        D        E       F      G
               +--------+--------+--------+--------+--------+-----+--------+
         Total |   3982 |   3884 |     98 |   1189 |   1692 |   4 |  995.5 |
       Dungeon |   3982 |   3884 |     98 |   1189 |   1692 |   4 |  995.5 |
               +--------+--------+--------+--------+--------+-----+--------+

Top non-repeatable levels by time:
     D:3: 1727 daAuts
     D:2: 1183 daAuts
     D:1: 848 daAuts
     D:4: 223 daAuts
